 Dungeon Crawl Stone Soup version 0.20.1-1-g8b1a95d (webtiles) character file.

56402 Monsterracer the Destroyer (level 15, -11/169 HPs)
             Began as a Human Wizard on Aug 27, 2017.
             Was a High Priest of Ashenzari.
             Killed by an exploding fulminant prism (33 damage)
             ... created by the player character
             ... on level 6 of the Lair of Beasts.
             The game lasted 01:48:08 (26569 turns).

Monsterracer the Destroyer (Human Wizard)          Turns: 26569, Time: 01:48:08

Health: -11/169    AC: 27    Str: 12    XL:     15   Next: 21%
Magic:  6/28       EV:  2    Int: 25    God:    Ashenzari [*****.]
Gold:   1381       SH:  0    Dex: 12    Spells: 4/32 levels left

rFire    . . .     SeeInvis +   y - +1 glaive (flame) (curse)
rCold    + . .     Gourm    .   (shield currently unavailable)
rNeg     + + +     Faith    .   (armour currently unavailable)
rPois    +         Spirit   .   (helmet currently unavailable)
rElec    .         Reflect  .   (cloak currently unavailable)
rCorr    .         Harm     .   (gloves currently unavailable)
MR       ++...     Clarity  +   (boots currently unavailable) Stlth ++........NoTele +
                                (no amulet)
Regen    0.4/turn               D - ring of wizardry (curse)
MPRegen  0.3/turn               i - ring of protection from cold (curse)

@: mighty, tree-form, very slightly contaminated, hasted, invisible (expiring),
very quick
A: magic resistance 1, mutation resistance 1, wild magic 1
a: Curse Item, Scrying, Transfer Knowledge, Renounce Religion


You were on level 6 of the Lair of Beasts.
You worshipped Ashenzari.
Ashenzari was extremely pleased with you.
You were not hungry.
You were a tree.
You visited 3 branches of the dungeon, and saw 17 of its levels.

You collected 1381 gold pieces.

Inventory:

Hand Weapons
 y - a cursed +1 glaive of flaming (weapon)
Armour
 e - the cursed +1 ring mail of Gucao (melded) {-Tele Str+5 Int+7}
   (You found it on level 7 of the Dungeon)

   It affects your strength (+5).
   It affects your intelligence (+7).
   It prevents most forms of teleportation.
   It has a curse placed upon it.
 r - a cursed +2 helmet (melded)
 u - a cursed +2 cloak (melded)
 A - a cursed +1 pair of gloves (melded)
 C - a cursed +2 pair of boots (melded)
Jewellery
 i - a cursed ring of protection from cold (right branch)
 D - a cursed ring of wizardry (left branch)
 G - an uncursed ring of resist corrosion
 J - an uncursed ring of fire
Wands
 l - a wand of lightning (11/15)
 p - a wand of acid (8/15)
 w - a wand of lightning (13/15)
 I - a wand of scattershot (1/9)
Scrolls
 c - 3 scrolls of recharging
 q - 7 scrolls of teleportation
 B - 2 scrolls of remove curse
 H - 2 scrolls of identify
Potions
 b - 4 potions of curing
 h - a potion of might
 j - 5 potions of cancellation
 n - 5 potions of mutation
 o - 2 potions of magic
 s - 3 potions of flight
 t - 2 potions of agility
 z - 2 potions of lignification
Books
 x - a book of Necromancy

   Spells                             Type                      Level
   a - Pain                           Necromancy                   1
   b - Animate Skeleton               Necromancy                   1
   c - Vampiric Draining              Necromancy                   3
   d - Regeneration                   Charms/Necromancy            3
   e - Animate Dead                   Necromancy                   4
   f - Control Undead                 Necromancy                   4
 E - a book of Power

   Spells                             Type                      Level
   a - Iskenderun's Battlesphere      Conjuration/Charms           5
   b - Venom Bolt                     Conjuration/Poison           5
   c - Bolt of Magma                  Conjuration/Fire/Earth       5
   d - Iron Shot                      Conjuration/Earth            6
   e - Orb of Destruction             Conjuration                  7
   f - Spellforged Servitor           Conjuration/Summoning        7
Comestibles
 a - 3 chunks of flesh
 d - 12 bread rations
 f - 6 meat rations
 g - 15 royal jellies
 F - 17 fruits


   Skills:
 + Level 9.2 Fighting
 * Level 10.0(14.9) Polearms
 + Level 7.0(11.1) Armour
 + Level 9.4(13.2) Dodging
 - Level 2.0 Stealth
 + Level 9.4 Spellcasting
 * Level 14.0(16.3) Conjurations
 - Level 3.0(5.3) Hexes
 - Level 3.0(5.3) Charms
 - Level 1.0(2.5) Summonings
 - Level 2.9(5.2) Translocations
 - Level 3.6(6.0) Fire Magic
 - Level 3.0(5.3) Air Magic


You had 4 spell levels left.
You knew the following spells:

 Your Spells              Type           Power        Failure   Level  Hunger
a - Magic Dart            Conj           ####         1%          1    None
b - Conjure Flame         Conj/Fire      ######..     1%          3    None
c - Fulminant Prism       Conj/Hex       ######....   1%          4    #......
d - Call Imp              Summ           ####....     1%          2    None
e - Blink                 Tloc           N/A          1%          2    None
f - Mephitic Cloud        Conj/Pois/Air  ######..     1%          3    None
g - Iskenderun's Mystic   Conj           #######.     1%          4    #......
h - Force Lance           Conj/Tloc      ######..     1%          4    #......
i - Iskenderun's Battles  Conj/Chrm      ######..     1%          5    ####...


Dungeon Overview and Level Annotations

Branches:
Dungeon (10/15)            Temple (1/1) D:7            Lair (6/6) D:10
 Shoals (0/4) Lair:4        Snake (0/4) Lair:3        Slime (0/5) Lair:6
    Orc (0/2) D:10

Altars:
Ashenzari
Dithmenos
Elyvilon
Fedhas
Gozag
Hepliaklqana
Kikubaaqudgha
Makhleb
Nemelex Xobeh
Okawaru
Qazlal
Ru
Sif Muna
Trog
Uskayaw
Vehumet
Xom
Yredelemnul
Zin
The Shining One
Beogh


Innate Abilities, Weirdness & Mutations

You are resistant to hostile enchantments. (MR+)
You are somewhat resistant to further mutation.
Your spells are a little harder to cast, but a little more powerful.


Message History

You kill the death yak!
Your base Polearms skill increases to level 10!
The yak gores you but does no damage.
Your fulminant prism crackles loudly.
The yak barely misses you.
You slash the death yak! You burn the death yak.
The death yak is lightly wounded.
The death yak gores you but does no damage.
The yak gores you.
* * * LOW HITPOINT WARNING * * *
Damage: -1%(-1hp) hp: 10%(16hp) Unknown command.
You feel better.
Your fulminant prism explodes!
The blast of energy engulfs the yak.
The yak is almost dead.
The blast of energy engulfs the death yak.
The death yak is lightly wounded.
The blast of energy engulfs you!
You die...

*** * ...8.......
**#......8... * ####
* *##......## , ,,
#P..P * #......## ,,
, ...8. ,,*
#P.###...## * ,
,..8... * *####...#
** ....8.###
###.###... * * ,
8.8..†Y.#
##.....##.. * ,,
*#Y♣## ###...#......
*, ,
*##YY###....P##.....
** , *
##YYY{{...####.... ,
, * ##YYY###.# ###.#
,, , #∆.Y## #..#*
### *, , * ##.†.*
##..# * * * **#..##
*#... , * **,..##
....,, * *{{### *
##., ,


You could see 2 death yaks and 9 yaks.

Vanquished Creatures
  Rupert (Lair:3)
  Gastronok (D:7)
  Snorg (Lair:5)
  A fire dragon (Lair:1)
  Harold (Lair:4)
  2 catoblepae
  4 hydras
  A centaur warrior (D:10)
  A two-headed ogre (D:10)
  4 death yaks
  Nergalle (Lair:3)
  A skeletal warrior (D:9)
  An unseen horror (D:10)
  2 necromancers
  An orc knight (D:10)
  Pikel (D:5)
  An oklob plant (Lair:3)
  3 manticores
  8 black mambas
  11 spiny frogs
  Psyche (D:8)
  9 komodo dragons
  4 trolls
  5 polar bears
  10 blink frogs
  8 hippogriffs
  6 dream sheep (Lair:6)
  4 flying skulls
  5 shadows (D:9)
  A vampire (D:9)
  3 wraiths (D:9)
  40 yaks
  A human (D:7)
  2 wyverns
  3 steam dragons
  A basilisk (D:10)
  Grum (D:8)
  Eustachio (D:4)
  4 hogs (D:7)
  Edmund (D:6)
  25 water moccasins
  6 porcupines
  9 orc warriors
  2 ice beasts
  2 sky beasts
  A necrophage (D:10)
  3 phantoms
  5 black bears
  4 slaves (D:4)
  2 elephant zombies (Lair:5)
  3 ogres
  3 centaurs
  21 wolves
  15 crocodiles
  2 big kobolds (D:7)
  Blork the orc (D:5)
  24 bullfrogs
  A gnoll sergeant (D:9)
  2 wyvern skeletons (D:9)
  A wyvern zombie (D:9)
  3 scorpions
  10 killer bees
  13 wights
  2 howler monkeys (D:9)
  5 electric eels
  8 crimson imps
  3 centaur zombies
  2 bullfrog zombies
  3 jellies
  2 quasits
  3 basilisk zombies (Lair:5)
  3 hounds
  4 orc priests (D:10)
  A gnoll shaman (D:3)
  4 orc wizards
  2 bullfrog skeletons
  3 centaur skeletons
  Jessica (D:3)
  7 iguanas
  Natasha (thrice) (D:4)
  6 worker ants
  A hound zombie (D:10)
  3 worker ant zombies
  9 gnolls
  2 howler monkey skeletons
  29 adders
  3 shadow imps
  3 oozes
  5 adder skeletons
  2 dart slugs (D:2)
  6 leopard geckos
  45 orcs
  5 giant cockroaches
  5 goblins
  6 hobgoblins
  11 jackals
  10 quokkas
  5 bats
  2 frilled lizards
  A jackal skeleton (D:4)
  14 kobolds
  2 leopard gecko skeletons
  A quokka skeleton (D:9)
  4 quokka zombies
  6 rats
  A fungus (Lair:4)
  5 plants
563 creatures vanquished.

Vanquished Creatures (others)
  63 fulminant prisms
  11 fungi
  14 plants
88 creatures vanquished.

Grand Total: 651 creatures vanquished

Notes
Turn   | Place    | Note
-------+----------+-------------------------------------------
     0 | D:1      | Monsterracer the Human Wizard began the quest for the Orb.
     0 | D:1      | Reached XP level 1. HP: 13/13 MP: 4/4
   105 | D:1      | Reached skill level 2 in Conjurations
   105 | D:1      | Reached XP level 2. HP: 13/19 MP: 0/6
   816 | D:2      | Reached XP level 3. HP: 24/24 MP: 0/7
   821 | D:2      | Learned a level 3 spell: Conjure Flame
   825 | D:2      | Learned a level 3 spell: Mephitic Cloud
   968 | D:2      | Reached skill level 3 in Conjurations
  1342 | D:2      | Reached XP level 4. HP: 25/30 MP: 8/8
  1387 | D:2      | HP: 15/30 [poisoned by an adder]
  1392 | D:2      | HP: 12/30 [poisoned by an adder]
  1398 | D:2      | HP: 10/30 [poisoned by an adder]
  1404 | D:2      | HP: 8/30 [poisoned by an adder]
  1412 | D:2      | HP: 7/30 [poisoned by an adder]
  1429 | D:2      | Learned a level 2 spell: Call Imp
  1929 | D:2      | Reached skill level 4 in Conjurations
  2366 | D:3      | HP: 14/30 [jackal (2)]
  2387 | D:3      | Noticed Jessica
  2397 | D:3      | HP: 15/30 [jackal (2)]
  2405 | D:3      | HP: 15/30 [jackal (1)]
  2560 | D:3      | HP: 12/30 [Jessica/club (7)]
  2564 | D:3      | Killed Jessica
  2564 | D:3      | Reached XP level 5. HP: 8/35 MP: 2/9
  3218 | D:3      | Reached skill level 5 in Conjurations
  3597 | D:4      | Noticed a phantom
  3597 | D:4      | Found a bloodstained altar of Trog.
  3801 | D:3      | Killed a phantom
  3801 | D:3      | Reached XP level 6. HP: 28/41 MP: 0/11
  3808 | D:3      | Learned a level 2 spell: Blink
  4214 | D:4      | Reached skill level 6 in Conjurations
  4279 | D:4      | Noticed an ogre
  4286 | D:4      | Killed an ogre
  4286 | D:4      | Reached XP level 7. HP: 29/46 MP: 4/12
  4471 | D:4      | Noticed Eustachio
  4569 | D:4      | HP: 21/46 [river rat[Eustachio] (10)]
  4754 | D:4      | Killed Eustachio
  4754 | D:4      | Reached skill level 1 in Fighting
  4861 | D:4      | Found a stormy altar of Qazlal.
  4864 | D:4      | Found a shimmering altar of Xom.
  4927 | D:4      | Found a basalt altar of Yredelemnul.
  5331 | D:4      | Noticed Natasha
  5336 | D:4      | Killed Natasha
  5392 | D:4      | Noticed a troll
  5402 | D:4      | Killed a troll
  5402 | D:4      | Reached skill level 7 in Conjurations
  5402 | D:4      | Reached XP level 8. HP: 56/56 MP: 1/14
  5605 | D:5      | Entered Level 5 of the Dungeon
  5667 | D:5      | Noticed Blork the orc
  5676 | D:5      | Killed Blork the orc
  6152 | D:5      | Found a hide-covered altar of Uskayaw.
  6457 | D:4      | Noticed Natasha
  6461 | D:4      | Killed Natasha
  6518 | D:4      | Noticed Natasha
  6526 | D:4      | Killed Natasha
  6526 | D:4      | Reached skill level 1 in Polearms
  6633 | D:5      | Noticed Pikel
  6675 | D:4      | Reached skill level 8 in Conjurations
  7254 | D:5      | Killed Pikel
  7254 | D:5      | Reached skill level 5 in Spellcasting
  7254 | D:5      | Reached XP level 9. HP: 43/64 MP: 0/16
  7409 | D:6      | Noticed Edmund
  7419 | D:6      | Killed Edmund
  7652 | D:6      | Found a white marble altar of Elyvilon.
  7725 | D:6      | Reached skill level 9 in Conjurations
  8224 | D:6      | Found a shadowy altar of Dithmenos.
  8706 | D:7      | Reached XP level 10. HP: 48/73 MP: 0/18
  8710 | D:7      | HP: 36/73 [hog (1)]
  8716 | D:7      | HP: 20/73 [hog (9)]
  9064 | D:7      | Found a staircase to the Ecumenical Temple.
  9074 | Temple   | Entered the Ecumenical Temple
  9277 | Temple   | Became a worshipper of Ashenzari the Shackled
  9416 | D:7      | Found a sparkling altar of Nemelex Xobeh.
  9884 | D:7      | Reached skill level 5 in Fighting
 10080 | D:7      | Reached skill level 10 in Conjurations
 10195 | D:7      | Gained mutation: Your body sometimes deteriorates upon taking damage. [mutagenic meat]
 10373 | D:7      | Found an opulent altar of Gozag.
 10510 | D:7      | Got the cursed ring mail of Gucao {-Tele Str+5 Int+7}
 10521 | D:7      | Identified the cursed +1 ring mail of Gucao {-Tele Str+5 Int+7} (You found it on level 7 of the Dungeon)
 10569 | D:8      | Reached * piety under Ashenzari
 10572 | D:8      | Noticed Gastronok
 10582 | D:8      | HP: 28/74 [Gastronok/the air (14)]
 10852 | D:7      | HP: 21/74 [Gastronok (32)]
 10857 | D:7      | Killed Gastronok
 10857 | D:7      | Reached skill level 5 in Polearms
 10857 | D:7      | Reached skill level 5 in Dodging
 11159 | D:8      | Found a glowing silver altar of Zin.
 11175 | D:8      | Noticed Psyche
 11440 | D:8      | Reached XP level 11. HP: 81/81 MP: 12/20
 11538 | D:8      | Learned a level 4 spell: Iskenderun's Mystic Blast
 11543 | D:8      | Learned a level 4 spell: Fulminant Prism
 11548 | D:8      | Learned a level 4 spell: Force Lance
 11645 | D:8      | Noticed Grum
 11661 | D:8      | Killed Grum
 11917 | D:8      | Noticed a death yak
 11950 | D:8      | Reached skill level 11 in Conjurations
 11955 | D:8      | Killed a death yak
 12090 | D:8      | Killed Psyche
 12550 | D:9      | Found an ancient bone altar of Kikubaaqudgha.
 13141 | D:9      | Noticed a skeletal warrior
 13989 | D:9      | Reached XP level 12. HP: 89/89 MP: 13/23
 14073 | D:9      | HP: 31/89 [skeletal warrior/halberd (17)]
 14085 | D:9      | HP: 18/89 [??? (16)]
 14384 | D:9      | HP: 38/89 [necromancer/bolt of cold (9)]
 14659 | D:9      | Reached ** piety under Ashenzari
 15052 | D:9      | Reached skill level 1 in Hexes
 15153 | D:9      | Reached skill level 1 in Air Magic
 15404 | D:9      | Reached skill level 1 in Armour
 15404 | D:9      | Reached skill level 1 in Fire Magic
 15646 | D:9      | Killed a skeletal warrior
 15892 | D:10     | Entered Level 10 of the Dungeon
 16055 | D:10     | Noticed a two-headed ogre
 16094 | D:10     | Killed a two-headed ogre
 16165 | D:10     | Found a staircase to the Lair.
 16423 | D:10     | Killed an unseen horror
 16467 | D:10     | Reached skill level 12 in Conjurations
 17094 | D:10     | Found a roughly hewn altar of Beogh.
 17094 | D:10     | Found a staircase to the Orcish Mines.
 17420 | D:10     | Noticed a centaur warrior
 17437 | D:10     | Killed a centaur warrior
 17437 | D:10     | Reached XP level 13. HP: 60/96 MP: 5/25
 17899 | D:10     | Lost mutation: Your body sometimes deteriorates upon taking damage. [potion of mutation]
 17899 | D:10     | Gained mutation: You are somewhat resistant to further mutation. [potion of mutation]
 17899 | D:10     | Gained mutation: Your spells are a little harder to cast, but a little more powerful. [potion of mutation]
 17899 | D:10     | Gained mutation: You are resistant to hostile enchantments. (MR+) [potion of mutation]
 17931 | Lair:1   | Entered Level 1 of the Lair of Beasts
 18076 | Lair:1   | Learned a level 5 spell: Iskenderun's Battlesphere
 18188 | Lair:1   | Reached *** piety under Ashenzari
 18398 | Lair:1   | Reached skill level 1 in Charms
 18541 | Lair:1   | Noticed a fire dragon
 18549 | Lair:1   | Killed a fire dragon
 19226 | Lair:2   | Noticed an eight-headed hydra
 19232 | Lair:2   | Killed an eight-headed hydra
 20036 | Lair:2   | Reached **** piety under Ashenzari
 20195 | Lair:3   | HP: 46/98 [spiny frog (19)]
 20200 | Lair:2   | HP: 37/98 [poisoned by a spiny frog]
 20205 | Lair:2   | HP: 33/98 [poisoned by a spiny frog]
 20210 | Lair:2   | HP: 29/98 [poisoned by a spiny frog]
 20215 | Lair:2   | HP: 27/98 [poisoned by a spiny frog]
 20221 | Lair:2   | HP: 26/98 [poisoned by a spiny frog]
 20229 | Lair:2   | HP: 26/98 [poisoned by a spiny frog]
 20237 | Lair:2   | HP: 26/98 [poisoned by a spiny frog]
 20707 | Lair:3   | Found a staircase to the Snake Pit.
 20707 | Lair:3   | Noticed Nergalle
 20714 | Lair:3   | Killed Nergalle
 20732 | Lair:3   | Reached skill level 5 in Armour
 21716 | Lair:4   | Reached skill level 13 in Conjurations
 21720 | Lair:4   | Reached XP level 14. HP: 104/104 MP: 10/26
 21837 | Lair:4   | Noticed Rupert
 21850 | Lair:3   | HP: 51/105 [Rupert/great mace of protection (22)]
 21852 | Lair:3   | HP: 9/105 [Rupert/great mace of protection (27)]
 21858 | Lair:3   | Killed Rupert
 22500 | Lair:4   | Noticed Harold
 22509 | Lair:4   | Killed Harold
 22577 | Lair:4   | Reached ***** piety under Ashenzari
 22797 | Lair:4   | Found a staircase to the Shoals.
 23487 | Lair:5   | Noticed Snorg
 23499 | Lair:5   | HP: 51/106 [Snorg (5)]
 23503 | Lair:5   | Killed Snorg
 23505 | Lair:5   | HP: 34/159 [komodo dragon (18)]
 23510 | Lair:5   | HP: 29/159 [komodo dragon (6)]
 24849 | Lair:6   | Entered Level 6 of the Lair of Beasts
 25101 | Lair:6   | HP: 53/106 [poisoned by a spiny frog]
 25106 | Lair:6   | HP: 50/106 [poisoned by a spiny frog]
 25111 | Lair:6   | HP: 49/106 [poisoned by a spiny frog]
 25116 | Lair:6   | HP: 48/106 [poisoned by a spiny frog]
 25123 | Lair:6   | HP: 48/106 [poisoned by a spiny frog]
 25131 | Lair:6   | HP: 48/106 [poisoned by a spiny frog]
 26215 | Lair:6   | Reached XP level 15. HP: 100/113 MP: 16/28
 26537 | Lair:6   | HP: 73/169 [death yak (15)]
 26544 | Lair:6   | HP: 71/169 [death yak (2)]
 26548 | Lair:6   | HP: 25/169 [death yak (12)]
 26549 | Lair:6   | Reached skill level 14 in Conjurations
 26549 | Lair:6   | HP: 11/169 [death yak (6)]
 26555 | Lair:6   | HP: 23/169 [yak (7)]
 26560 | Lair:6   | HP: 42/169 [death yak (14)]
 26566 | Lair:6   | HP: 16/169 [death yak (17)]
 26567 | Lair:6   | Reached skill level 10 in Polearms
 26569 | Lair:6   | Killed by an exploding fulminant prism

Skill      XL: |  1  2  3  4  5  6  7  8  9 10 11 12 13 14 15 |
---------------+----------------------------------------------+-----
Conjurations   | 2 3 4 5 6 7 8 9 10 11 12 13 14 | 14.0
Fighting       | 2 3 4 5 6 7 9 |  9.2
Spellcasting   | 4 5 6 7 8 9 |  9.4
Polearms       | 2 3 5 6 8 9 10 | 10.0
Dodging        | 3 4 5 6 7 8 9 |  9.4
Hexes          | 3 |  3.0
Air Magic      | 3 |  3.0
Armour         | 3 5 6 7 |  7.0
Fire Magic     | 3 |  3.6
Translocations | 2 |  2.9
Charms         | 3 |  3.0
Stealth        | |  2.0
Summonings     | |  1.0

Action                   |  1- 3 |  4- 6 |  7- 9 | 10-12 | 13-15 || total
-------------------------+-------+-------+-------+-------+-------++-------
Melee: Dagger            |    10 |       |       |       |       ||    10
       Short sword       |    27 |     8 |       |       |       ||    35
       Quarterstaff      |       |    54 |       |       |       ||    54
       Spear             |       |       |   292 |   893 |   460 ||  1645
       Glaive            |       |       |       |       |    84 ||    84
 Cast: Magic Dart        |    39 |    95 |   247 |   245 |   169 ||   795
       Call Imp          |       |     3 |     3 |       |     1 ||     7
       Mephitic Cloud    |       |     5 |    10 |    20 |       ||    35
       Conjure Flame     |       |     3 |    12 |    50 |    15 ||    80
       Blink             |       |       |     2 |       |       ||     2
       Iskenderun's Myst |       |       |       |    39 |    32 ||    71
       Force Lance       |       |       |       |    22 |    32 ||    54
       Fulminant Prism   |       |       |       |    15 |    49 ||    64
       Iskenderun's Batt |       |       |       |       |    34 ||    34
Invok: Curse Item        |       |       |       |     6 |     1 ||     7
Evoke: Wand              |       |       |       |       |     2 ||     2
  Use: Scroll            |       |       |       |    16 |    17 ||    33
       Potion            |       |       |       |       |    16 ||    16
 Stab: Sleeping          |     2 |       |       |     1 |       ||     3
       Confused          |       |       |     2 |     4 |       ||     6
       Distracted        |       |       |     1 |     1 |       ||     2
  Eat: Chunk             |     1 |     6 |    11 |    27 |    33 ||    78
       Bread ration      |       |     1 |     1 |     1 |       ||     3
Armor: Robe              |     7 |    24 |     6 |       |       ||    37
       Leather armour    |       |       |   126 |    27 |       ||   153
       Ring mail         |       |       |       |   191 |   148 ||   339
       Skin              |       |       |       |       |    67 ||    67
Dodge: Dodged            |    25 |    59 |   188 |   346 |   332 ||   950
